 Dungeon Crawl Stone Soup version 0.29.0-7-g18a832c13a (webtiles) character file.

Game seed: 15132838378359045669

36036 voltaire321 the Nimble (level 13, -10/107 HPs)
             Began as a Merfolk Gladiator on Aug 30, 2022.
             Was an Elder of Ru.
             Mangled by a catoblepas (12 damage)
             ... while petrified by a catoblepas
             ... on level 5 of the Lair of Beasts.
             The game lasted 01:14:27 (21877 turns).

voltaire321 the Nimble (Merfolk Gladiator)         Turns: 21877, Time: 01:14:27

Health: -10/107    AC: 14    Str: 15    XL:     13   Next: 87%
Magic:  21/21      EV:  2    Int:  8    God:    Ru [****..]
Gold:   665        SH:  0    Dex: 19    Spells: 19/23 levels left

rFire   . . .      SeeInvis .   w - +6 trident (freeze)
rCold   . . .      Faith    .   b - +0 buckler
rNeg    + + +      Spirit   .   L - +3 leather armour {rPois}
rPois   ∞          Reflect  .   B - +1 helmet
rElec   .          Harm     .   p - +2 cloak
rCorr   +          Rampage  .   (no gloves)
Will    .....                   D - +1 pair of boots
Stlth   +.........              q - amulet of magic regeneration
HPRegen 0.27/turn               F - ring of resist corrosion
MPRegen 0.57/turn               (no ring)

@: petrified
A: inability to use devices, hated by all, no fire magic, no hexes magic, no
necromancy magic, (nimble swimmer 2), mertail
a: Renounce Religion, Draw Out Power, Power Leap


You were on level 5 of the Lair of Beasts.
You worshipped Ru.
Ru was greatly pleased with you.
You visited 2 branches of the dungeon, and saw 14 of its levels.
You also visited: Sewer.

You collected 763 gold pieces.
You spent 98 gold pieces at shops.

Inventory:

Hand Weapons
 w - a +6 trident of freezing (weapon)
 J - a +1 trident
Missiles
 d - 3 throwing nets
 e - 12 poisoned darts (quivered)
 g - 5 javelins
 K - a curare-tipped dart
Armour
 b - a +0 buckler (worn)
 p - a +2 cloak (worn)
 B - a +1 helmet (worn)
 D - a +1 pair of boots (worn)
 L - a +3 leather armour of poison resistance (worn)
Jewellery
 o - a ring of flight
 q - an amulet of magic regeneration (around neck)
 F - a ring of resist corrosion (left hand)
 O - a ring of wizardry
Scrolls
 f - 8 scrolls of teleportation
 j - 5 scrolls of poison
 l - 4 scrolls of identify
 m - 2 scrolls of blinking
 n - 3 scrolls of fear
 s - a scroll of silence
 H - 3 scrolls of fog
Potions
 a - 4 potions of attraction {unknown}
 c - a potion of haste
 i - 2 potions of mutation {unknown}
 k - 5 potions of berserk rage
 r - a potion of resistance {unknown}
 t - 5 potions of might
 u - 3 potions of cancellation
 v - a potion of brilliance {unknown}
 x - a potion of magic
 C - 2 potions of curing
 E - 4 potions of lignification
 M - a potion of degeneration {unknown}
 N - a potion of flight {unknown}


   Skills:
 + Level 11.9 Fighting
 - Level 14.0 Polearms
 - Level 6.0 Throwing
 - Level 5.0 Armour
 + Level 14.3 Dodging
 - Level 5.0 Shields
 + Level 5.8 Spellcasting
 - Level 10.0 Poison Magic


You had 19 spell levels left.
You knew the following spells:

 Your Spells              Type           Power      Damage    Failure   Level
a - Olgreb's Toxic Radia  Pois           18%        N/A       6%          4

Your spell library contained the following spells:

 Spells                   Type           Power      Damage    Failure   Level
 Sting                    Tmut/Pois      40%        1d5       4%          1
 Poisonous Vapours        Pois/Air       20%        N/A       8%          2
 Summon Small Mammal      Summ           Unusable   N/A       N/A         1
 Call Canine Familiar     Summ           Unusable   N/A       N/A         3
 Summon Guardian Golem    Hex/Summ       Unusable   N/A       N/A         3

Dungeon Overview and Level Annotations

Branches:
Dungeon (9/15)             Temple (0/1) D:6            Lair (5/5) D:8
 Shoals (0/4) Lair:2        Snake (0/4) Lair:3        Sewer (visited)
  Slime: Lair:4-5       Orc: D:9-12

Altars:
Ashenzari
Ru

Shops:
D:4 !   D:6 *

Annotations:
Lair:3 3 runed translucent doors, Ceyvaan's ghost, journeyman DEFE


Innate Abilities, Weirdness & Mutations

You cannot study or use magical devices.
You are hated by all.
You cannot study or cast Fire magic.
You cannot study or cast Hexes magic.
You cannot study or cast Necromancy magic.
((You are very nimble when in or above water. (Stealth+, EV+, Speed+++)))
Your lower body shifts to a powerful aquatic tail in water.


Message History

The catoblepas is heavily wounded.
You hit the catoblepas but do no damage.
The catoblepas is heavily wounded.
The catoblepas gores you!!
You hit the catoblepas. You freeze the catoblepas.
The catoblepas is heavily wounded.
The catoblepas breathes a plume of calcifying dust at you.
The blast of calcifying dust hits you but does no damage.
The lindwurm breathes flames at you. The blast of flame hits you!!
* * * LOW HITPOINT WARNING * * *
You hit the catoblepas. You freeze the catoblepas.
The catoblepas is severely wounded.
You are engulfed in calcifying dust.
You are slowing down.
The catoblepas barely misses you. The catoblepas gores you.
* * * LOW HITPOINT WARNING * * *
Your limbs are stiffening.
You have turned to stone.
The catoblepas gores you!
* * * LOW HITPOINT WARNING * * *
The catoblepas roars fiercely, eyes lowered.
The catoblepas gores you but does no damage.
The catoblepas breathes a plume of calcifying dust at you.
The blast of calcifying dust hits you!
* * * LOW HITPOINT WARNING * * *
You are engulfed in calcifying dust.
The catoblepas rams the ground with its head heavily.
The catoblepas breathes a plume of calcifying dust at you.
The blast of calcifying dust hits you but does no damage.
The lindwurm breathes flames at you. The blast of flame hits you!
* * * LOW HITPOINT WARNING * * *
You are engulfed in calcifying dust.
The catoblepas begins to attack, but is stunned by your conviction!
The lindwurm bites you!
* * * LOW HITPOINT WARNING * * *
The lindwurm claws you but does no damage. x2
You are engulfed in calcifying dust.
The catoblepas gores you!!
You die...

............
#####.P.........
#P##............ #
##P...P..........
###.#...P...P........
#..#P........†..P....
..#/.....†.††........
......P......k........
...........§§@Y........
......P....<8..........
............<..........
......................#
......)................
..P..P.P.......P...#..
.#................# #
####.P.......P...#
#####........


You could see a catoblepas (poisoned) and a lindwurm (catching breath).

Vanquished Creatures
  3 hydras
  Fannar (Lair:2)
  A death knight (D:9)
  Erica (Lair:1)
  3 death yaks (Lair:4)
  A tengu warrior (D:8)
  2 two-headed ogres (D:8)
  A shock serpent (shapeshifter) (D:9)
  Nergalle (Lair:2)
  A sea snake (shapeshifter) (D:9)
  A sea snake (Lair:2)
  3 cyclopes
  A manticore (D:8)
  An ugly thing (D:8)
  2 black mambas
  Joseph (D:8)
  A gargoyle (D:9)
  5 cane toads
  A kobold demonologist (D:9)
  10 komodo dragons
  3 merfolk (Lair:2)
  4 polar bears
  A tengu conjurer (D:8)
  2 burning bushes (Lair:5)
  2 hornets
  A tarantella (shapeshifter) (D:9)
  Grinder (D:4)
  Prince Ribbit (D:5)
  Sigmund (D:5)
  26 blink frogs
  4 dream sheep (Lair:3)
  5 wyverns
  A wraith (D:8)
  A vampire (D:8)
  18 yaks
  2 basilisks
  5 steam dragons
  3 nagas (Lair:3)
  An acid dragon (D:8)
  13 water moccasins
  Duvessa (D:5)
  2 ice beasts
  2 orc warriors (D:8)
  2 sky beasts (D:8)
  3 black bears
  An ogre (D:6)
  2 centaurs (D:8)
  A phantom (D:5)
  12 bullfrogs
  6 kobold brigands
  5 scorpions
  Blork the orc (D:5)
  A gnoll sergeant (D:8)
  8 wights
  Dowan (D:5)
  6 killer bees
  3 gnoll boudas
  A jelly (D:6)
  9 orc priests
  Crazy Yiuf (D:2)
  4 iguanas
  Ijyb (D:4)
  4 hell rats (Lair:2)
  6 orc wizards
  Robin (D:3)
  4 adders
  A shadow imp (D:5)
  4 white imps
  An ufetubus (D:4)
  3 worms
  2 dart slugs
  25 orcs
  5 ball pythons
  6 bats
  5 endoplasms
  5 giant cockroaches
  12 goblins
  10 hobgoblins
  23 kobolds
  6 quokkas
  3 frilled lizards
  25 rats
360 creatures vanquished.

Vanquished Creatures (others)
  Maurice (D:9)
  A cane toad (Lair:4)
  A yak (Lair:4)
  A water moccasin (Lair:1)
  A bullfrog (Lair:2)
  A wight (D:8)
  An orc wizard (D:5)
  A kobold (D:9)
  4 bushes
  25 fungi
  52 plants
89 creatures vanquished.

Grand Total: 449 creatures vanquished

Notes
Turn   | Place    | Note
-------+----------+-------------------------------------------
     0 | D:1      | voltaire321 the Merfolk Gladiator began the quest for the
                  | Orb.
     0 | D:1      | Reached XP level 1. HP: 16/16 MP: 1/1
   154 | D:1      | Reached XP level 2. HP: 23/23 MP: 2/2
   219 | D:1      | Found a faded altar of an unknown god.
   547 | D:2      | Reached XP level 3. HP: 28/28 MP: 3/3
   915 | D:2      | Found a sacrificial altar of Ru.
   927 | D:2      | Became a worshipper of Ru the Awakened
  1321 | D:2      | Found a runed translucent door.
  1322 | D:2      | Noticed Crazy Yiuf
  1336 | D:2      | Killed Crazy Yiuf
  1337 | D:2      | Reached XP level 4. HP: 18/35 MP: 3/5
  1553 | D:2      | Learned a level 4 spell: Olgreb's Toxic Radiance
  1670 | D:3      | Reached skill level 1 in Spellcasting
  1696 | D:3      | Noticed Robin
  1791 | D:3      | Killed Robin
  1821 | D:3      | Reached skill level 5 in Dodging
  1821 | D:3      | Reached XP level 5. HP: 16/41 MP: 6/6
  2028 | D:3      | Found a glowing drain.
  2037 | Sewer    | Entered a sewer
  2184 | Sewer    | Gained mutation: You cannot study or cast Fire magic. [Ru
                  | sacrifice]
  2184 | Sewer    | Gained mutation: You cannot study or cast Hexes magic. [Ru
                  | sacrifice]
  2184 | Sewer    | Gained mutation: You cannot study or cast Necromancy magic.
                  | [Ru sacrifice]
  2184 | Sewer    | Reached * piety under Ru
  2261 | Sewer    | Noticed a kobold brigand
  2261 | Sewer    | Noticed a kobold brigand
  2311 | Sewer    | Killed a kobold brigand
  2312 | Sewer    | Reached skill level 5 in Polearms
  2312 | Sewer    | Reached skill level 1 in Poison Magic
  2319 | Sewer    | Killed a kobold brigand
  2320 | Sewer    | Reached XP level 6. HP: 21/48 MP: 6/8
  2936 | D:4      | Found Xugalu's Distillery.
  2944 | D:4      | Bought a potion of might for 56 gold pieces
  2944 | D:4      | Bought a potion of curing for 42 gold pieces
  2979 | D:4      | Noticed a water moccasin
  3238 | D:4      | Noticed Ijyb
  3247 | D:4      | Killed Ijyb
  3404 | D:4      | Noticed a steam dragon
  3416 | D:4      | Killed a steam dragon
  3417 | D:4      | Reached XP level 7. HP: 21/54 MP: 10/10
  3795 | D:4      | You fall into a shaft and drop 2 floors!
  3823 | D:5      | Entered Level 5 of the Dungeon
  3856 | D:4      | Noticed Grinder
  3862 | D:4      | Killed Grinder
  3863 | D:4      | Reached skill level 1 in Armour
  4336 | D:4      | Reached XP level 8. HP: 25/61 MP: 10/12
  4691 | D:5      | Noticed Blork the orc
  4699 | D:5      | Killed Blork the orc
  5033 | D:5      | Noticed Prince Ribbit
  5051 | D:5      | Killed Prince Ribbit
  5052 | D:5      | Reached skill level 5 in Fighting
  5370 | D:5      | Noticed Duvessa
  5372 | D:5      | Noticed Dowan
  5385 | D:5      | Killed Duvessa
  5405 | D:5      | Killed Dowan
  5799 | D:5      | Reached XP level 9. HP: 55/68 MP: 13/13
  5804 | D:5      | Noticed Sigmund
  5827 | D:5      | Killed Sigmund
  5828 | D:5      | Reached skill level 5 in Throwing
  5944 | D:5      | Gained mutation: You are hated by all. [Ru sacrifice]
  5944 | D:5      | Reached ** piety under Ru
  5944 | D:5      | Reached *** piety under Ru
  6474 | D:6      | Found a staircase to the Ecumenical Temple.
  6543 | D:6      | Identified the +0 robe of Baxtuidgh {Rampage Int+2}
  6861 | D:6      | Found Hiacon's Neck Hole.
  7852 | D:7      | Identified the +1 ring mail of Negligence {Will+ Str-3
                  | Int+4}
  7894 | D:7      | Reached skill level 5 in Poison Magic
  8813 | D:8      | Reached XP level 10. HP: 17/77 MP: 14/14
  9336 | D:8      | Noticed Joseph
 10272 | D:8      | Noticed a tengu warrior
 10275 | D:8      | Noticed a two-headed ogre
 10316 | D:8      | Killed a tengu warrior
 10549 | D:8      | Killed a two-headed ogre
 10550 | D:8      | Reached skill level 1 in Shields
 10819 | D:8      | Reached XP level 11. HP: 85/85 MP: 15/15
 10913 | D:8      | Killed Joseph
 10914 | D:8      | Reached skill level 10 in Dodging
 11287 | D:8      | Noticed a green ugly thing
 11364 | D:8      | Reached skill level 10 in Polearms
 11488 | D:8      | Noticed a manticore
 11523 | D:8      | Killed a manticore
 11747 | D:8      | Found a staircase to the Lair.
 11751 | D:8      | Noticed a two-headed ogre
 11765 | D:8      | Killed a two-headed ogre
 11854 | D:8      | Reached skill level 5 in Armour
 12119 | D:8      | Killed a green ugly thing
 12128 | D:8      | Noticed a cyclops
 12568 | D:8      | Killed a cyclops
 13318 | D:9      | Noticed a death knight
 13318 | D:9      | Noticed a cyclops
 13318 | D:9      | Noticed a cyclops
 13324 | D:9      | Noticed a cyclops
 14039 | D:9      | Found a broken altar of Ashenzari.
 14197 | D:9      | Killed a death knight
 14395 | D:9      | Killed a cyclops
 14396 | D:9      | Reached XP level 12. HP: 77/95 MP: 16/16
 14440 | D:9      | Noticed a shock serpent
 14465 | D:9      | Killed a shock serpent
 14861 | D:9      | Noticed Maurice
 14940 | D:9      | Killed Maurice
 15355 | D:9      | Reached skill level 5 in Shields
 15770 | Lair:1   | Entered Level 1 of the Lair of Beasts
 15799 | Lair:1   | Noticed Erica
 15889 | Lair:1   | Killed Erica
 16664 | Lair:1   | Reached skill level 10 in Fighting
 17164 | Lair:2   | Noticed Nergalle
 17177 | Lair:2   | Killed Nergalle
 17814 | Lair:2   | Reached skill level 10 in Poison Magic
 17876 | Lair:2   | Noticed Fannar
 18219 | Lair:2   | Reached XP level 13. HP: 104/104 MP: 17/17
 18248 | Lair:2   | Killed Fannar
 18422 | Lair:2   | Found a staircase to the Shoals.
 19016 | Lair:3   | Found a runed translucent gate.
 19016 | Lair:3   | Found a runed translucent gate.
 19016 | Lair:3   | Found a runed translucent gate.
 19018 | Lair:3   | Noticed Ceyvaan's ghost (journeyman DEFE)
 19998 | Lair:3   | Found a staircase to the Snake Pit.
 20706 | Lair:4   | Gained mutation: You cannot study or use magical devices.
                  | [Ru sacrifice]
 20706 | Lair:4   | Reached **** piety under Ru
 20933 | Lair:4   | Reached skill level 5 in Spellcasting
 20939 | Lair:4   | Identified the +1 ring mail "Koukh" {+Blink +Inv Dex-4}
 20994 | Lair:4   | HP: 1/101 [death yak (20)]
 21718 | Lair:5   | Entered Level 5 of the Lair of Beasts
 21876 | Lair:5   | HP: 2/107 [lindwurm (4)]
 21877 | Lair:5   | Mangled by a catoblepas

Illustrated notes

Levels and vault maps discovered:
D:1:      eino_arrival_water_star, layout_rooms, basic_ecumenical_altar,
          grunt_decor_cap
D:2:      layout_basic, basic_altar, uniq_crazy_yiuf_cottage
D:3:      layout_rooms, portal_sewer_entry_b, uniq_robin
D:4:      layout_gridville, serial_shops, nicolae_shop_stone, minmay_rat_hole,
          uniq_grinder, uniq_ijyb
D:5:      layout_loops_ring, kennysheep_boxes, uniq_prince_ribbit1,
          uniq_blork_the_orc, uniq_duvessa, uniq_sigmund
D:6:      layout_basic, minmay_temple_entry_large_hall,
          nicolae_shop_sticking_my_neck_out
D:7:      layout_gridville, kennysheep_generic_room_8
D:8:      nzn_winding_woodlands_cross [nzn_winding_woodlands_5x15_split_checker,
          nzn_winding_woodlands_5x15_twine, nzn_winding_woodlands_5x15_cabin,
          nzn_winding_woodlands_5x15_pathside_ponds,
          nzn_winding_woodlands_15x15_killbox], layout_basic,
          mainiacjoe_overflow_alcove_4, minmay_lair_entry_grove,
          nicolae_elevator_lobby_asterisk, uniq_joseph
D:9:      layout_rooms, kennysheep_little_box, erik_orc_1, minivault_28,
          uniq_maurice
Lair:1:   layout_hall_layers, beast_lair_carwin_11, grunt_megastairs_5,
          uniq_erica
Lair:2:   layout_misc_corridors, elwin_shoals_entry_stream, uniq_nergalle,
          uniq_fannar
Lair:3:   layout_regular_city, guppyfry_snake_entry_island,
          gammafunk_ghost_hydra_chop
Lair:4:   layout_cave_shapes, dreamdust_gnoll_shepherd
Lair:5:   grunt_lair_end_beastmaster, layout_hall_layers,
          dpeg_slime_entry_enclosed, evilmike_ambush
          [evilmike_ambush_outer_basic, evilmike_ambush_inner_basic],
          grunt_megastairs_3, serial_bayou_shore_b

Skill      XL: |  1  2  3  4  5  6  7  8  9 10 11 12 13 |
---------------+----------------------------------------+-----
Fighting       | 3 4 5 6 7 9 10 11 | 11.9
Spellcasting   | 1 2 3 5 |  5.8
Dodging        | 5 6 7 8 9 11 12 14 | 14.3
Polearms       | 5 6 7 8 9 11 12 14 | 14.0
Throwing       | 3 4 5 6 |  6.0
Poison Magic   | 1 2 4 5 6 8 10 | 10.0
Armour         | 1 2 3 4 5 |  5.0
Shields        | 1 4 5 |  5.0

Action                   |  1- 3 |  4- 6 |  7- 9 | 10-12 | 13-15 || total
-------------------------+-------+-------+-------+-------+-------++-------
Melee: Trident           |    80 |   218 |   445 |   957 |   332 ||  2032
       Punch             |     1 |     2 |     4 |     1 |       ||     8
       Tailslap          |       |     3 |     3 |       |       ||     6
       Unarmed           |       |       |       |    12 |       ||    12
Throw: Dart              |     1 |     8 |    62 |   167 |     2 ||   240
       Javelin           |       |     1 |       |       |       ||     1
       Throwing net      |       |       |       |     2 |       ||     2
 Cast: Olgreb's Toxic Ra |       |       |       |    13 |    35 ||    48
Invok: Sacrifice Arcana  |       |     1 |       |       |       ||     1
       Sacrifice Love    |       |       |     1 |       |       ||     1
       Draw Out Power    |       |       |       |     7 |     1 ||     8
       Reject Sacrifices |       |       |       |     1 |       ||     1
       Sacrifice Artific |       |       |       |       |     1 ||     1
Evoke: Wand              |       |     2 |     6 |    37 |       ||    45
  Use: Potion            |       |       |     4 |     2 |     1 ||     7
       Scroll            |       |       |    10 |    14 |     2 ||    26
 Stab: Sleeping          |     2 |     1 |     5 |     1 |       ||     9
       Invisible         |       |       |     2 |     4 |       ||     6
       Distracted        |       |       |     1 |    11 |     2 ||    14
Armor: Leather armour    |    15 |    51 |   101 |   182 |    57 ||   406
       Steam dragon scal |       |       |       |    28 |       ||    28
Dodge: Dodged            |    38 |   158 |   309 |   620 |   138 ||  1263
Block: Buckler           |       |       |       |   154 |    51 ||   205
